 Dungeon Crawl Stone Soup version 0.32-a0-928-g1cae6b7ea0 (webtiles) character file.

Game seed: 7604773264271847446

2066 ezpacito the Trooper (level 9, 0/68 HPs)
             Began as a Coglin Chaos Knight on Apr 13, 2024.
             Was a Plaything of Xom.
             Slain by an orc knight
             ... wielding a +0 war axe
              (4 damage)
             ... in a bailey.
             The game lasted 00:07:42 (5912 turns).

ezpacito the Trooper (Coglin Chaos Knight)          Turns: 5912, Time: 00:07:42

Health: 0/68       AC: 13    Str: 17    XL:     9   Next: 26%
Magic:  12/12      EV: 12    Int:  6    God:    Xom [*.....]
Gold:   215        SH:  4    Dex: 17    Spells: 12/12 levels left

rFire   . . .        a - +1 hand axe (chaos) {Henutmehyt}
rCold   . . .        F - +4 war axe "Josedel" {vamp, +Blink Int-5 Dex+3}
rNeg    . . .        e - +0 acid dragon scales
rPois   .            s - +2 hat
rElec   .            v - +1 cloak
rCorr   +            x - +0 pair of gloves
SInv    .            f - +0 pair of boots
Will    .....        (amulet unavailable)
Stlth   ++           (ring unavailable)
HPRegen 0.31/turn    (ring unavailable)
MPRegen 0.13/turn    (no gizmo)

%: no passive effects
@: revving
A: off-hand wielding, slow wielding, warmup strikes, no jewellery, antennae 1,
large bone plates 1
a: Invent Gizmo, Renounce Religion, Evoke Blink


You were in a bailey.
You worshipped Xom.
You were a special plaything of Xom.
You visited 2 branches of the dungeon, and saw 8 of its levels.
You also visited: Bailey.

You collected 373 gold pieces.
You spent 158 gold pieces at shops.

Inventory:

Hand Weapons
 a - a +1 hand axe of chaos (weapon) {Henutmehyt}
 C - a +1 demon whip {Astrid}
 F - the +4 war axe "Josedel" (offhand) {vamp, +Blink Int-5 Dex+3}
   (You found it on level 6 of the Dungeon)

   Int-5:     It affects your intelligence (-5).
   Dex+3:     It affects your dexterity (+3).
   +Blink:    It lets you blink.
Missiles
 h - 2 throwing nets (quivered)
 k - 8 poisoned darts
 y - 2 boomerangs
Armour
 e - +0 acid dragon scales (worn)
 f - a +0 pair of boots (worn)
 s - a +2 hat (worn)
 v - a +1 cloak (worn)
 x - a +0 pair of gloves (worn)
Talismans
 c - a maw talisman
 w - a flux talisman
Wands
 d - a wand of polymorph (20)
 p - a wand of paralysis (11)
 r - a wand of acid (5)
 B - a wand of roots (3)
Scrolls
 b - 2 scrolls of fog
 j - a scroll of immolation
 o - a scroll of torment
Potions
 l - 2 potions of heal wounds
 m - a potion of cancellation {unknown}
 n - a potion of resistance
 q - a potion of enlightenment
 z - a potion of ambrosia
 A - a potion of attraction


   Skills:
 * Level 5.5 Fighting
 * Level 5.5(6.2) Axes
 * Level 4.0(5.2) Polearms
 * Level 4.5 Armour
 * Level 4.2 Dodging
 + Level 2.8 Stealth
 + Level 2.4 Spellcasting
 + Level 2.8 Evocations
 + Level 1.1 Shapeshifting


You had 12 spell levels left.
You didn't know any spells.
Your spell library contained the following spells:

 Spells                   Type           Power      Damage    Failure   Level
 Passwall                 Erth           0%         N/A       83%         3
 Volatile Blastmotes      Fire/Tloc      0%         2d10      83%         3
 Ignite Poison            Fire/Alch      0%         N/A       99%         4
 Sticky Flame             Fire/Alch      0%         2d4       99%         4
 Vhi's Electric Charge    Tloc/Air       0%         N/A       99%         4
 Bombard                  Conj/Erth      0%         9d1       100%        6
 Ignition                 Fire           0%         3d3       100%        8


Dungeon Overview and Level Annotations

Branches:
Dungeon (7/15)             Temple (1/1) D:6          Bailey (1/1)

Altars:
Ashenzari
Cheibriados
Dithmenos
Fedhas
Gozag
Hepliaklqana
Kikubaaqudgha
Makhleb
Nemelex Xobeh
Okawaru
Qazlal
Ru
Sif Muna
Vehumet
Wu Jian
Xom
Yredelemnul
Zin
The Shining One

Shops:
D:5 (*   D:6 *


Innate Abilities, Weirdness & Mutations

You can wield a second weapon in your off-hand.
It takes a long time for you to wield or remove held weapons.
Your first few attacks do less damage.
You cannot equip rings or amulets.
You have a pair of small antennae on your head.
You are partially covered in large bone plates. (SH +4)


Message History

Aim: an orc knight, wielding a +0 war axe and wearing a +0 chain mail (heavily wounded, 68% to hit)
The bolt of acid hits the orc knight!
The orc knight is heavily wounded.
You hit the orc knight with the +4 war axe "Josedel".
You feel better.
The orc knight is heavily wounded.
You closely miss the orc knight with your +1 hand axe of chaos.
The orc knight hits you with a +0 war axe!
You take 4 damage, and have 36/68 hp.
Aiming: Corrosive Bolt
Press: ? - help, Shift-Dir - straight line, f/p - orc knight
Aim: an orc knight, wielding a +0 war axe and wearing a +0 chain mail (heavily wounded, 68% to hit)
The bolt of acid hits the orc knight.
The acid corrodes the orc knight!
The orc knight is severely wounded.
The orc knight hits you with a +0 war axe!
You take 15 damage, and have 21/68 hp.
MASSIVE DAMAGE!!
Okay, then.
Okay, then.
Aiming: Corrosive Bolt
Press: ? - help, Shift-Dir - straight line, f/p - orc knight
Aim: an orc knight, wielding a +0 war axe and wearing a +0 chain mail (heavily wounded, covered in acid, 68% to hit)
The bolt of acid hits the orc knight!
The orc knight seems to be corroded for longer.
The orc knight is almost dead.
You block the orc knight's attack.
You closely miss the orc knight with the +4 war axe "Josedel".
The orc knight is almost dead.
You hit the orc knight with your +1 hand axe of chaos.
The orc knight hits you with a +0 war axe!!
* * * LOW HITPOINT WARNING * * *
You take 18 damage, and have 3/68 hp.
MASSIVE DAMAGE!!
Aiming: Corrosive Bolt
Press: ? - help, Shift-Dir - straight line, f/p - orc knight
Aim: an orc knight, wielding a +0 war axe and wearing a +0 chain mail (almost dead, covered in acid, 68% to hit)
The bolt of acid misses the orc knight.
You hear a shout!
An orc warrior comes into view. It is wielding a +0 broad axe.
The orc knight hits you with a +0 war axe.
You die...
Xom cackles wildly! ....'...........# , , ,,, ,.#ß..o .∩..'.....⌠.....# ,, , ,, '.... ....'......)....# , , ,, ß... ....#.....))....# , ,,,** )o)

....##.........### , ,, ,,
###,))
...♣♣###...o.###.###
,,###.###o .♣♣♣
###.#'#)....###,###.....#'
♣♣
###.))......###.......o.
#.))..@o....#........o.
#...........#..........
#.....⌠....)#.....⌠....
#...........)).........
#..........)#..........
##.........###.........
###.....### ###.....##
###.### ###.### ### ###


You could see an orc knight (corroded) and an orc warrior.

Vanquished Creatures
  Grinder (D:3)
  Sigmund (D:3)
  A yak (D:5)
  5 orc warriors (Bailey)
  An ice beast (D:5)
  A black bear (D:5)
  A centaur (D:5)
  2 phantoms
  A bullfrog (D:6)
  A scorpion (D:6)
  A ballistomycete (D:5)
  2 hounds (D:5)
  2 bombardier beetles (D:5)
  A jelly (D:5)
  A sleepcap (D:5)
  A gnoll bouda (D:6)
  Ijyb (D:3)
  An iguana (D:5)
  15 gnolls
  3 adders
  2 white imps
  2 ufetubi (D:5)
  A dart slug (D:3)
  5 ribbon worms
  4 orcs
  5 bats
  3 endoplasms
  A giant cockroach (D:2)
  15 goblins
  9 hobgoblins
  6 jackals
  12 kobolds
  5 quokkas
  7 ball pythons
  5 frilled lizards
  6 rats
131 creatures vanquished.

Vanquished Creatures (others)
  An acid dragon (D:5)
1 creature vanquished.

Grand Total: 132 creatures vanquished

Notes
Turn   | Place    | Note
-------+----------+-------------------------------------------
     0 | D:1      | ezpacito the Coglin Chaos Knight began the quest for the
                  | Orb.
     0 | D:1      | Reached XP level 1. HP: 18/18 MP: 1/1
    67 | D:1      | Reached skill level 1 in Dodging
    97 | D:1      | XOM: potion effect (haste)
   103 | D:1      | Reached XP level 2. HP: 19/24 MP: 2/2
   388 | D:1      | XOM: divination: magic mapping
   439 | D:1      | Found a faded altar of an unknown god.
   445 | D:1      | Reached XP level 3. HP: 25/29 MP: 3/3
   793 | D:1      | XOM: silly message
   938 | D:2      | XOM: silly message
  1152 | D:2      | Reached skill level 1 in Polearms
  1322 | D:2      | Reached XP level 4. HP: 35/35 MP: 4/4
  1512 | D:2      | XOM: silly message
  1566 | D:3      | XOM: stealth player
  1574 | D:3      | Noticed Sigmund
  1591 | D:3      | Killed Sigmund
  1592 | D:3      | Reached skill level 1 in Stealth
  1592 | D:3      | Reached skill level 1 in Spellcasting
  1592 | D:3      | Reached XP level 5. HP: 32/42 MP: 4/6
  1592 | D:3      | Reached XP level 6. HP: 37/48 MP: 4/7
  1762 | D:3      | Noticed Grinder
  1768 | D:3      | XOM: confuse monster(s)
  1782 | D:3      | Killed Grinder
  1783 | D:3      | Reached XP level 7. HP: 32/54 MP: 7/9
  1925 | D:3      | XOM: silly message
  2042 | D:3      | Found an ornate altar of the Wu Jian Council.
  2114 | D:3      | Noticed Ijyb
  2127 | D:3      | Killed Ijyb
  2320 | D:3      | XOM: silly message
  2484 | D:3      | XOM: draining
  2693 | D:4      | Found a hazy altar of Hepliaklqana.
  2910 | D:4      | Found a shadowy altar of Dithmenos.
  3016 | D:4      | Found a burning altar of Makhleb.
  3351 | D:5      | Entered Level 5 of the Dungeon
  3391 | D:5      | Found Vaheplow's Weapon Shop.
  3567 | D:5      | XOM: torment (29/55 hp)
  3660 | D:5      | XOM: enchant monster (bad)
  3661 | D:5      | XOM: swap monsters
  3665 | D:5      | XOM: give mutations
  3665 | D:5      | Gained mutation: You have a pair of small antennae on your
                  | head. [Xom's mischief]
  3665 | D:5      | Gained mutation: Your muscles are strong. (Str +4, Int/Dex
                  | -1) [Xom's mischief]
  3665 | D:5      | Gained mutation: You possess an exceptional clarity of
                  | mind. [Xom's mischief]
  3665 | D:5      | Lost mutation: You possess an exceptional clarity of mind.
                  | [Xom's mischief]
  3669 | D:5      | XOM: give mutations
  3669 | D:5      | Gained mutation: You occasionally shout uncontrollably at
                  | your foes. [Xom's mischief]
  3669 | D:5      | Lost mutation: You occasionally shout uncontrollably at
                  | your foes. [Xom's mischief]
  3669 | D:5      | Gained mutation: You are vulnerable to heat. (rF-) [Xom's
                  | mischief]
  3687 | D:5      | XOM: draining
  3731 | D:5      | Reached skill level 1 in Evocations
  3901 | D:5      | Found a sparkling altar of Nemelex Xobeh.
  3901 | D:5      | Noticed a yak
  3902 | D:5      | Found a snail-covered altar of Cheibriados.
  3902 | D:5      | Found a transporter.
  3903 | D:5      | Found a shimmering altar of Xom.
  3919 | D:5      | Found a sacrificial altar of Ru.
  3930 | D:5      | Reached XP level 8. HP: 41/61 MP: 10/10
  4000 | D:5      | XOM: summons 2 hostile shadow creatures
  4167 | D:5      | Found a transporter.
  4172 | D:5      | Found Keirr's Lightly-Used Armoury.
  4189 | D:5      | Bought a -2 demon whip for 70 gold pieces
  4274 | D:5      | XOM: summons 5 hostile demons
  4275 | D:5      | Noticed an ice devil
  4560 | D:5      | Lost mutation: You have a pair of small antennae on your
                  | head. [potion of mutation]
  4560 | D:5      | Lost mutation: You are vulnerable to heat. (rF-) [potion of
                  | mutation]
  4560 | D:5      | Lost mutation: Your muscles are strong. (Str +4, Int/Dex
                  | -1) [potion of mutation]
  4560 | D:5      | Gained mutation: You are clumsy. (Dex -2) [potion of
                  | mutation]
  4560 | D:5      | Gained mutation: Your muscles are strong. (Str +4, Int/Dex
                  | -1) [potion of mutation]
  4561 | D:5      | Lost mutation: You are clumsy. (Dex -2) [potion of
                  | mutation]
  4561 | D:5      | Lost mutation: Your muscles are strong. (Str +4, Int/Dex
                  | -1) [potion of mutation]
  4561 | D:5      | Gained mutation: You have a pair of small antennae on your
                  | head. [potion of mutation]
  4568 | D:5      | XOM: blink monster(s)
  4570 | D:5      | Killed a yak
  4679 | D:6      | Found Ymeycod's General Store.
  4679 | D:6      | XOM: stealth player
  4682 | D:6      | Bought a potion of ambrosia for 88 gold pieces
  4765 | D:6      | Reached skill level 5 in Fighting
  4808 | D:6      | Identified the +4 war axe "Josedel" {vamp, +Blink Int-5
                  | Dex+3}
  4843 | D:6      | XOM: give mutation
  4843 | D:6      | Gained mutation: You are partially covered in large bone
                  | plates. (SH +4) [Xom's mischief]
  5019 | D:6      | Found a staircase to the Ecumenical Temple.
  5023 | Temple   | Entered the Ecumenical Temple
  5065 | D:6      | Reached skill level 5 in Axes
  5150 | D:6      | Found a broken altar of Ashenzari.
  5481 | D:6      | XOM: silly message
  5548 | D:6      | Found a stormy altar of Qazlal.
  5706 | D:7      | Found a flagged portal.
  5743 | D:7      | XOM: divination: detect creatures
  5752 | Bailey   | Entered a bailey
  5818 | Bailey   | Reached skill level 1 in Shapeshifting
  5818 | Bailey   | Reached XP level 9. HP: 68/68 MP: 12/12
  5870 | Bailey   | Noticed an orc knight
  5873 | Bailey   | XOM: noise
  5877 | Bailey   | XOM: divination: magic mapping
  5885 | Bailey   | XOM: confuse monster(s)
  5885 | Bailey   | Noticed an orc warlord
  5911 | Bailey   | HP: 3/68 [orc knight/+0 war axe (18)]
  5912 | Bailey   | Slain by an orc knight

Illustrated notes

Levels and vault maps discovered:
D:1:      minmay_arrival_stone_box, layout_basic, basic_ecumenical_altar
D:2:      layout_basic
D:3:      layout_basic, mainiacjoe_overflow_brackets, minmay_statues_item,
          uniq_grinder, uniq_ijyb, uniq_sigmund
D:4:      layout_basic, nicolae_overflow_crystal_walls,
          nicolae_hepliaklqana_hippocampus,
          nicolae_dithmenos_through_a_glass_darkly
D:5:      layout_loops_corners, mainiacjoe_overflow_cross_hatched,
          gammafunk_temple_overflow_arena, serial_shops, shop,
          hangedman_decor_peaks_small, minmay_shop_damaged
D:6:      layout_loops_corners, mainiacjoe_overflow_chevrons,
          nicolae_qazlal_eye_of_the_storm, minmay_temple_entry_steel_oval,
          serial_shops, nicolae_stop_n_shop_2
D:7:      layout_loops_ring, lemuel_tele_altar, enter_bailey_6, uniq_maggie,
          uniq_jeremiah
Temple:   nicolae_temple_ecumenical_triangle
Bailey:   bailey_axe_minmay_hex_keep, bailey

Skill      XL: |  1  2  3  4  5  6  7  8  9 |
---------------+----------------------------+-----
Dodging        | 1 2 3 4 |  4.2
Armour         | 2 3 4 |  4.5
Polearms       | 1 2 3 4 |  4.0
Stealth        | 1 2 |  2.8
Spellcasting   | 1 2 |  2.4
Fighting       | 4 5 |  5.5
Axes           | 4 5 |  5.5
Evocations     | 1 2 |  2.8
Shapeshifting  | 1 |  1.1

Action                     |  1- 3 |  4- 6 |  7- 9 || total
---------------------------+-------+-------+-------++-------
  Melee: Hand axe          |    83 |    33 |   180 ||   296
         Dagger            |    68 |    29 |    88 ||   185
         Demon whip        |       |       |    38 ||    38
         War axe           |       |       |    55 ||    55
  Evoke: Wand              |       |       |    10 ||    10
    Use: Potion            |       |     2 |     7 ||     9
         Scroll            |       |       |    18 ||    18
   Stab: Paralysed         |     1 |       |     2 ||     3
         Sleeping          |       |     1 |       ||     1
         Confused          |       |     1 |     1 ||     2
         Invisible         |       |       |     3 ||     3
         Held in net/web   |       |       |     1 ||     1
         Petrifying        |       |       |     1 ||     1
 Armour: Leather armour    |    67 |     1 |       ||    68
         Ring mail         |       |    13 |    74 ||    87
         Skin              |       |       |     8 ||     8
         Acid dragon scale |       |       |    45 ||    45
  Dodge: Dodged            |    43 |     9 |   122 ||   174
  Block: Other             |       |       |    15 ||    15

Table legend: (Time is in decaauts)
 A = Elapsed time spent in this place.
 B = Non-inter-level travel time spent in this place.
 C = Inter-level travel time spent in this place.
 D = Time resting spent in this place.
 E = Time spent auto-exploring this place.
 F = Levels seen in this place.
 G = Mean time per level.
                   A        B        C        D        E       F      G
               +--------+--------+--------+--------+--------+-----+--------+
         Total |   5923 |   5438 |    485 |     23 |   4480 |   9 |  658.1 |
       Dungeon |   5756 |   5272 |    484 |     10 |   4413 |   7 |  822.3 |
        Temple |      1 |      1 |      0 |      0 |      0 |   1 |    1.0 |
        Bailey |    164 |    164 |      0 |     13 |     67 |   1 |  164.0 |
               +--------+--------+--------+--------+--------+-----+--------+

Top non-repeatable levels by time:
     D:5: 1329 daAuts
     D:3: 1099 daAuts
     D:6: 1025 daAuts
     D:1: 851 daAuts
     D:4: 702 daAuts
     D:2: 701 daAuts
  Bailey: 164 daAuts
     D:7: 47 daAuts
  Temple: 1 daAuts
